 Dungeon Crawl Stone Soup version 0.31-a0-672-g7da72447bb (webtiles) character file.

Game seed: 15695390973572806558

102846 LustLizard the Earth Mage (level 16, -1/70 HPs)
             Began as a Gargoyle Earth Elementalist on Sept 4, 2023.
             Was a High Priest of Vehumet.
             Slain by an ice beast (16 damage)
             ... on level 3 of the Abyss on Sept 5, 2023.
             The game lasted 01:14:41 (35165 turns).

LustLizard the Earth Mage (GrEE)                   Turns: 35165, Time: 01:14:42

Health: -1/70      AC: 39    Str: 12      XL:     16   Next: 34%
Magic:  23/23      EV: 14    Int: 10 (16) God:    Vehumet [*****.]
Gold:   992        SH:  4    Dex:  4      Spells: 7/34 levels left

rFire   x x .        q - +5 whip of Theory {protect, +Blink rF+ rN++ Dex-2}
rCold   x x .        S - +0 buckler {reflect}
rNeg    + + +        u - +4 scale mail
rPois   ∞            P - +2 hat {Stlth+}
rElec   +            L - +1 cloak
rCorr   .            a - +0 pair of gloves
SInv    .            v - +0 pair of boots
Will    +....        K - amulet of regeneration
Stlth   ++           Z - ring "Awyumm" {rC+ EV+5}
HPRegen 0.00/turn    k - +4 ring of protection
MPRegen 0.18/turn

%: random rage (9%), reflection
@: under a protective aura, on berserk cooldown, flying, inhibited regen,
slowed, studying Ice Magic, very slow
A: sickness immunity, AC +12, big wings, negative energy resistance 1,
electricity resistance, torment resistance 1, petrification resistance, high MP
1, [berserk 2], [clumsy 2], [deformed body], [deterioration 2], [dopey 2],
[frail 3], [low MP 3], [screaming 2], [inhibited regeneration], ([teleportitis
2]), [weak 2], [no potion heal 2], [cold vulnerability 3], [heat vulnerability
3], [subdued magic 3], [inability to drink after injury 2], [inability to read
after injury 2]
a: Renounce Religion, Evoke Blink


You were on level 3 of the Abyss.
You worshipped Vehumet.
Vehumet was extremely pleased with you.
You visited 4 branches of the dungeon, and saw 23 of its levels.
You visited the Abyss 1 time.
You also visited: Sewer and Volcano.

You collected 2019 gold pieces.
You spent 1027 gold pieces at shops.

Inventory:

Hand Weapons
 q - the +5 whip of Theory (weapon) {protect, +Blink rF+ rN++ Dex-2}
   (You found it on level 3 of the Dungeon)

   Dex-2:     It affects your dexterity (-2).
   rF+:       It protects you from fire.
   rN++:      It greatly protects you from negative energy.
   +Blink:    It lets you blink.
Armour
 a - a +0 pair of gloves (worn)
 u - a +4 scale mail (worn)
 v - a +0 pair of boots (worn)
 L - a +1 cloak (worn)
 P - a +2 hat of stealth (worn)
 S - a +0 buckler of reflection (worn)
 Y - a scarf of resistance
Jewellery
 i - a ring of protection from fire
 k - a +4 ring of protection (right hand)
 x - an amulet of the acrobat
 A - a +6 ring of strength
 B - a +6 ring of dexterity
 H - a ring of wizardry
 K - an amulet of regeneration (around neck)
 T - a ring of magical power
 U - a ring of ice
 W - a +6 ring of strength
 Z - the ring "Awyumm" (left hand) {rC+ EV+5}
   (You found it on level 5 of the Lair of Beasts)

   [ring of evasion]

   EV+5:      It affects your evasion (+5).
   rC+:       It protects you from cold.
Wands
 g - a wand of digging (8)
 G - a wand of polymorph (17)
 N - a wand of mindburst (9)
 O - a wand of flame (30)
 R - a wand of roots (15)
 V - a wand of acid (1)
 X - a wand of charming (6)
Scrolls
 c - 3 scrolls of immolation
 e - a scroll of acquirement
 h - 3 scrolls of blinking
 j - 3 scrolls of brand weapon
 l - 3 scrolls of fog
 n - a scroll of fear
 p - 2 scrolls of teleportation
 w - 2 scrolls of enchant weapon
 y - 4 scrolls of revelation
 D - 2 scrolls of amnesia
 I - 2 scrolls of poison
 J - 3 scrolls of vulnerability
Potions
 b - 3 potions of magic
 d - 2 potions of heal wounds
 f - 5 potions of cancellation
 m - a potion of resistance {unknown}
 o - 4 potions of curing
 r - 2 potions of haste
 s - 2 potions of mutation
 t - 2 potions of brilliance
 z - a potion of attraction
 C - 2 potions of might
 E - a potion of lignification
 F - 4 potions of invisibility
 Q - 2 potions of enlightenment


   Skills:
 + Level 11.8 Fighting
 - Level 9.6 Maces & Flails
 - Level 9.0 Armour
 + Level 3.3 Dodging
 - Level 4.0 Stealth
 - Level 6.0 Shields
 + Level 9.8 Spellcasting
 - Level 11.6 Conjurations
 - Level 0.7 Transmutations
 * Level 6.0 Fire Magic
 - Level 9.8 Ice Magic
 * Level 4.9 Air Magic
 - Level 16.2 Earth Magic
 - Level 4.0 Evocations


You had 7 spell levels left.
You knew the following spells:

 Your Spells              Type           Power      Damage    Failure   Level
a - Sandblast             Erth           38%        2d10      0%          1
b - Stone Arrow           Conj/Erth      34%        3d9       1%          3
c - Foxfire               Conj/Fire      44%        2x1d6     1%          1
d - Lee's Rapid Deconstr  Erth           9%         3d7*      1%          5
e - Leda's Unmaking       Conj/Erth      8%         9d2       7%          6
f - Fireball              Conj/Fire      5%         3d5       11%         5
g - Plasma Beam           Fire/Air       4%         2x1d14    90%         6

Your spell library contained the following spells:

 Spells                   Type           Power      Damage    Failure   Level
 Spellforged Servitor     Conj/Summ      4%         N/A       100%        7
 Freeze                   Ice            48%        1d6       1%          1
 Kiss of Death            Conj/Necr      32%        2d7       1%          1
 Magic Dart               Conj           56%        1d5       1%          1
 Passwall                 Tmut/Erth      9%         N/A       1%          2
 Frozen Ramparts          Ice            24%        1d4       1%          3
 Hailstorm                Conj/Ice       13%        3d5       1%          3
 Dazzling Flash           Conj/Hex       16%        N/A       3%          3
 Flame Wave               Conj/Fire      11%        2d6       3%          4
 Sticky Flame             Conj/Fire      11%        2d3       3%          4
 Mephitic Cloud           Conj/Pois/Air  8%         N/A       4%          3
 Inner Flame              Hex/Fire       5%         N/A       12%         3
 Volatile Blastmotes      Fire/Tloc      10%        2d10      12%         3
 Petrify                  Tmut/Erth      11%        N/A       13%         4
 Animate Armour           Summ/Erth      22%        N/A       16%         4
 Apportation              Tloc           4%         N/A       45%         1
 Necrotise                Necr           8%         1d4       45%         1
 Summon Small Mammal      Summ           8%         N/A       45%         1
 Borgnjor's Vile Clutch   Necr/Erth      5%         N/A       45%         5
 Wereblood                Tmut           3%         N/A       50%         2
 Starburst                Conj/Fire      5%         6d4       50%         6
 Summon Ice Beast         Ice/Summ       7%         N/A       56%         4
 Call Imp                 Summ           4%         N/A       63%         2
 Confusing Touch          Hex            2%         N/A       86%         3
 Gell's Gravitas          Tloc           2%         N/A       86%         3
 Teleport Other           Tloc           2%         N/A       86%         3
 Tukima's Dance           Hex            2%         N/A       86%         3
 Summon Lightning Spire   Summ/Air       5%         N/A       90%         4
 Yara's Violent Unravell  Hex/Tmut       1%         3d3       96%         5
 Animate Dead             Necr           2%         N/A       99%         4
 Dispel Undead            Necr           2%         3d7       99%         4
 Passage of Golubria      Tloc           2%         N/A       99%         4
 Alistair's Intoxication  Tmut/Pois      1%         N/A       100%        5
 Summon Forest            Summ/Tloc      1%         N/A       100%        5
 Summon Mana Viper        Hex/Summ       2%         N/A       100%        5
 Death Channel            Necr           1%         N/A       100%        6
 Dispersal                Tloc           1%         N/A       100%        6
 Eringya's Noxious Bog    Tmut/Pois      1%         4d6       100%        6
 Monstrous Menagerie      Summ           1%         N/A       100%        7
 Summon Hydra             Summ           1%         N/A       100%        7
 Maxwell's Capacitive Co  Air            3%         ∞         100%        8
 Sublimation of Blood     Necr           Unusable   N/A       N/A         2

Dungeon Overview and Level Annotations

Branches:
Dungeon (15/15)            Temple (1/1) D:4            Lair (5/5) D:10
 Shoals (0/4) Lair:2        Snake (0/4) Lair:3        Slime (0/5) Lair:4
    Orc (2/2) D:12            Elf (0/3) Orc:2        Vaults (0/5) D:14
  Sewer (visited)         Volcano (visited)
 Depths: D:15

Altars:
Ashenzari
Cheibriados
Dithmenos
Elyvilon
Fedhas
Gozag
Hepliaklqana
Kikubaaqudgha
Makhleb
Nemelex Xobeh
Okawaru
Qazlal
Ru
Sif Muna
Trog
Uskayaw
Vehumet
Wu Jian
Xom
Yredelemnul
Zin
The Shining One
Jiyva

Shops:
D:1 *   D:7 **   D:11 ?   Orc:1 (   Orc:2 ([[(

Annotations:
D:13 3 runed translucent doors, Nialiw's ghost, journeyman GnHu
D:15 Louise
Orc:2 wormstring's ghost, journeyman FeCK


Innate Abilities, Weirdness & Mutations

You are immune to sickness and miasma.
Your stone body is resilient. (AC +12)
You are immune to poison.
Your large and strong wings let you fly.
You resist negative energy. (rN+)
You are resistant to electric shocks. (rElec)
You are resistant to unholy torment.
You are immune to petrification.
You have an increased reservoir of magic. (+10% MP)
[You have an uncontrollable temper.]
[You are very clumsy. (Dex -4)]
[Armour fits poorly on your strangely shaped body.]
[Your body often deteriorates upon taking damage.]
[You are very dopey. (Int -4)]
[You are extremely frail. (-30% HP)]
[Your magical capacity is extremely low. (-30% MP)]
[You frequently scream uncontrollably at your foes.]
[You do not regenerate when monsters are visible.]
[((You are often teleported next to monsters.))]
[You are very weak. (Str -4)]
[Potions cannot restore your health.]
[You are extremely vulnerable to cold. (rC---)]
[You are extremely vulnerable to heat. (rF---)]
[Your spells are much easier to cast, but much less powerful.]
[You sometimes lose the ability to drink potions when taking damage.]
[You sometimes lose the ability to read scrolls when taking damage.]


Message History

You feel dopey. Something feeds on your intellect!
The wretched star pulses with an eldritch light!
A starcursed mass comes into view.
A tormentor and a white draconian come into view.
You feel stable enough to blink again.
The white draconian roars!
You hear a shout!
The naga warrior hits you but does no damage.
The naga warrior grabs you. The naga warrior constricts you.
You block the large abomination's attack.
An ancient zyme comes into view.
The naga warrior hits you with a +0 broad axe!
Your body deteriorates!
You feel dopey. The naga warrior constricts you.
You escape the naga warrior's grasp.
A starcursed mass splits.
The wretched star pulses with an eldritch light!
The large abomination barely misses you.
A starcursed mass splits.
The naga warrior hits you but does no damage.
The naga warrior grabs you. The naga warrior constricts you.
You hit the ice beast.
Your weapon exudes an aura of protection.
The ice beast is lightly wounded.
The large abomination barely misses you.
The ice beast closely misses you.
A smoke demon comes into view.
You scream at the smoke demon!
The naga warrior hits you with a +0 broad axe!
* * * LOW HITPOINT WARNING * * *
The naga warrior constricts you.
A starcursed mass splits. x2
You hear a bark! x2; You hear a chilling moan.
You hear a roar! x2
You hear a chilling moan.
You hear a bark!
You escape the naga warrior's grasp.
The guardian serpent casts a spell at you.
The small abomination blinks!
The wretched star blinks!
The wretched star pulses with an eldritch light!
The ice beast hits you.
* * * LOW HITPOINT WARNING * * *
The ice beast freezes you!
You feel a terrible chill!
You die...

# # . .#x....
.. # .. .## .X
#.#.. 3#. #X .
.#§###.###X .#
#.*#..#..#.#.
## X{#.S.....
.
#§G###.§*{.#.#
#### #.##NY###
###.*@x.#
#X##### .x3d
#....x. #....
.. #........
####......
....##..


You could see a starcursed mass, a naga warrior, 2 wretched stars, an ancient
zyme, a large abomination, a guardian serpent, a smoke demon, an ice beast and a
small abomination.

Vanquished Creatures
  Gastronok (Lair:1)
  3 tentacled starspawn
  A deep elf elementalist (Abyss:3)
  2 orc warlords
  An ironbound thunderhulk (D:14)
  Snorg (Lair:4)
  4 hydras
  A great orb of eyes (Abyss:3)
  Fannar (Lair:2)
  Harold (Orc:1)
  A vault guard (D:14)
  7 centaur warriors
  The ghost of osoart the Nimble, a journeyman FeSh of Jiyva (Orc:2)
  A death knight (D:15)
  4 two-headed ogres
  5 boulder beetles
  Urug (D:13)
  2 tengu warriors
  6 large abominations (Abyss:2)
  4 wretched stars
  Nergalle (Lair:2)
  A sun demon (Volcano)
  A goliath frog (Lair:5)
  2 skysharks (Lair:5)
  Amaemon (Lair:2)
  The ghost of quinnr the Zephyrmancer, a novice TeAE of Vehumet (D:10)
  5 skeletal warriors
  An obsidian statue (Volcano)
  2 anaconda zombies (Abyss:2)
  A deep elf pyromancer (D:12)
  Pikel (D:7)
  5 starcursed masses (Abyss:2)
  3 orc knights (Orc:2)
  A phantasmal warrior (D:14)
  A salamander (Lair:3)
  5 cyclopes
  8 ugly things
  6 manticores
  3 orc sorcerers
  6 elephants (Lair:2)
  5 black mambas
  An orange demon (Lair:2)
  A smoke demon (Abyss:2)
  20 cane toads
  An apocalypse crab (Abyss:2)
  3 gargoyles
  Jeremiah (D:6)
  Psyche (D:8)
  A kobold demonologist (D:9)
  5 komodo dragons
  2 efreet
  Maggie (D:7)
  7 rime drakes
  4 trolls
  A freezing wraith (D:10)
  5 polar bears
  2 tyrant leeches
  13 dream sheep (Lair:5)
  21 blink frogs
  A centaur simulacrum (D:10)
  2 water elementals (D:12)
  2 shadows
  Sigmund (D:6)
  36 yaks
  A vampire (D:10)
  9 fire bats
  4 wraiths
  2 ynoxinuls
  16 wyverns
  2 steam dragons (D:5)
  4 humans (D:14)
  4 basilisks
  A neqoxec (Abyss:2)
  2 chaos spawn (D:9)
  4 acid dragons
  13 vampire mosquitoes
  3 wargs (Orc:2)
  Duvessa (D:5)
  A hell hound (Volcano)
  A naga (Lair:3)
  17 water moccasins
  2 black bears
  An ice beast (D:6)
  37 orc warriors
  3 sky beasts
  The ghost of heikuro the Shield-Bearer, an amateur FoFi (D:3)
  6 wolves
  22 centaurs
  8 ogres
  2 lemures (D:7)
  A phantom (D:5)
  8 kobold brigands
  22 bullfrogs
  4 small abominations
  3 scorpions
  5 wights (D:7)
  Dowan (D:5)
  An electric eel (Lair:2)
  7 howler monkeys
  6 lava snakes (Volcano)
  5 jellies
  22 orc priests
  3 gnoll boudas
  4 hounds
  3 iguanas
  A sleepcap (D:5)
  29 orc wizards
  14 hell rats
  10 adders
  16 gnolls
  5 white imps
  3 ufetubi
  A worm (D:4)
  4 dart slugs
  80 orcs
  17 ball pythons
  12 endoplasms
  11 giant cockroaches
  6 goblins
  9 hobgoblins
  4 jackals (D:1)
  45 kobolds
  13 quokkas
  8 bats
  9 frilled lizards
  3 rats
802 creatures vanquished.

Vanquished Creatures (others)
  An orc warrior (Orc:2)
  174 foxfires
  7 starspawn tentacles (Abyss:2)
182 creatures vanquished.

Grand Total: 984 creatures vanquished

Notes
Turn   | Place    | Note
-------+----------+-------------------------------------------
     0 | D:1      | LustLizard the Gargoyle Earth Elementalist began the quest
                  | for the Orb.
     0 | D:1      | Reached XP level 1. HP: 10/10 MP: 3/3
   185 | D:1      | Reached XP level 2. HP: 16/16 MP: 1/5
   253 | D:1      | Reached skill level 4 in Earth Magic
   348 | D:1      | Reached skill level 1 in Fighting
   505 | D:1      | Found Giar's Assorted Antiques.
   509 | D:1      | Bought a brown potion for 24 gold pieces
   656 | D:1      | Reached XP level 3. HP: 20/20 MP: 4/6
   880 | D:2      | HP: 1/20 [quokka (2)]
   962 | D:2      | Learned a level 3 spell: Stone Arrow
  1042 | D:2      | Found a hide-covered altar of Uskayaw.
  1332 | D:2      | Reached XP level 4. HP: 25/25 MP: 5/7
  1653 | D:1      | Bought a scroll labelled JUJIHO SIEMY for 27 gold pieces
  1653 | D:1      | Bought a scroll labelled PISHONL JESYTION for 27 gold
                  | pieces
  1653 | D:1      | Bought a scroll labelled XAYHAE ADAEKK for 27 gold pieces
  1903 | D:3      | Found a shimmering blue altar of Sif Muna.
  1903 | D:3      | Found a bloodstained altar of Trog.
  1911 | D:3      | Found a sacrificial altar of Ru.
  1924 | D:3      | Found a faded altar of an unknown god.
  1926 | D:3      | Found a faded altar of an unknown god.
  2060 | D:3      | Reached skill level 1 in Conjurations
  2072 | D:3      | Found a runed translucent door.
  2075 | D:3      | Noticed a bullfrog
  2076 | D:3      | Noticed heikuro's ghost (amateur FoFi)
  2089 | D:3      | Identified the +5 whip of Theory {protect, +Blink rF+ rN++
                  | Dex-2}
  2652 | D:4      | Reached XP level 5. HP: 29/30 MP: 6/8
  2764 | D:4      | Found a staircase to the Ecumenical Temple.
  2773 | D:4      | Reached skill level 5 in Earth Magic
  2777 | D:4      | Noticed a black bear
  2787 | D:4      | Reached skill level 1 in Maces & Flails
  2919 | D:4      | Reached XP level 6. HP: 17/35 MP: 5/10
  3071 | D:4      | Reached skill level 1 in Evocations
  3120 | D:4      | Killed a black bear
  3230 | D:4      | Reached XP level 7. HP: 39/40 MP: 9/11
  3318 | Temple   | Entered the Ecumenical Temple
  3326 | Temple   | Became a worshipper of Vehumet
  3767 | D:1      | Bought 3 scrolls labelled DIORIWU FUY for 81 gold pieces
  3827 | D:5      | Entered Level 5 of the Dungeon
  3829 | D:5      | Reached skill level 6 in Earth Magic
  3841 | D:5      | Noticed a steam dragon
  4032 | D:5      | Noticed a steam dragon
  4044 | D:5      | Found a glowing drain.
  4058 | D:5      | Reached XP level 8. HP: 46/46 MP: 2/13
  4098 | Sewer    | Entered a sewer
  4170 | Sewer    | Reached * piety under Vehumet
  4170 | Sewer    | Offered knowledge of Freeze by Vehumet.
  4633 | Sewer    | Reached ** piety under Vehumet
  4693 | Sewer    | Offered knowledge of Foxfire by Vehumet.
  4728 | Sewer    | Learned a level 1 spell: Foxfire
  4736 | Sewer    | Identified the +8 spear of Dismemberment {distort, rF+ rN+}
  4814 | D:5      | Reached skill level 7 in Earth Magic
  4859 | D:5      | Reached skill level 5 in Conjurations
  5081 | D:5      | Reached XP level 9. HP: 28/52 MP: 1/15
  5091 | D:5      | Noticed Duvessa
  5174 | D:5      | Noticed Dowan
  5197 | D:5      | Killed Dowan
  5333 | D:5      | Killed Duvessa
  5334 | D:5      | Reached skill level 8 in Earth Magic
  6036 | D:6      | Found a glowing golden altar of the Shining One.
  6462 | D:6      | Noticed Jeremiah
  6767 | D:6      | Offered knowledge of Searing Ray by Vehumet.
  6790 | D:6      | Reached skill level 5 in Fighting
  7556 | D:6      | Noticed Sigmund
  7564 | D:6      | Killed Sigmund
  7861 | D:6      | Killed Jeremiah
  7862 | D:6      | Reached skill level 9 in Earth Magic
  7862 | D:6      | Reached XP level 10. HP: 19/59 MP: 13/17
  8458 | D:7      | Noticed Maggie
  8472 | D:7      | Killed Maggie
  8473 | D:7      | Reached skill level 5 in Spellcasting
  8639 | D:7      | Found Zuic's Specific Store.
  8641 | D:7      | Found Peelit's General Store.
  8650 | D:7      | Bought a potion of invisibility for 80 gold pieces
  8727 | D:7      | Noticed Pikel
  8747 | D:7      | Killed Pikel
  8841 | D:7      | Reached skill level 5 in Maces & Flails
  9285 | D:7      | Reached skill level 10 in Earth Magic
 10107 | D:8      | Reached skill level 1 in Armour
 10111 | D:8      | Reached *** piety under Vehumet
 10272 | D:8      | Noticed a two-headed ogre
 10278 | D:8      | Killed a two-headed ogre
 10279 | D:8      | Reached XP level 11. HP: 59/66 MP: 9/19
 10288 | D:8      | Noticed Psyche
 10368 | D:8      | Killed Psyche
 10368 | D:8      | Offered knowledge of Volatile Blastmotes by Vehumet.
 10672 | D:8      | Reached skill level 11 in Earth Magic
 10760 | D:8      | Reached **** piety under Vehumet
 11340 | D:9      | Noticed a two-headed ogre
 11523 | D:9      | Offered knowledge of Hailstorm by Vehumet.
 11871 | D:9      | Killed a two-headed ogre
 12161 | D:9      | Found a shimmering altar of Xom.
 12161 | D:9      | Found the +7 mace of Variability {chaos, chaos arc}
 12253 | D:9      | Noticed a manticore
 12257 | D:9      | Killed a manticore
 12569 | D:10     | Entered Level 10 of the Dungeon
 12971 | D:10     | Noticed a two-headed ogre
 12974 | D:10     | Killed a two-headed ogre
 13195 | D:10     | Reached skill level 10 in Conjurations
 13780 | D:10     | You fall into a shaft and drop 3 floors!
 13881 | D:13     | Reached skill level 1 in Ice Magic
 13881 | D:13     | Reached skill level 12 in Earth Magic
 13881 | D:13     | Reached XP level 12. HP: 38/72 MP: 6/21
 14291 | D:10     | Noticed quinnr's ghost (novice TeAE)
 14298 | D:10     | Found a runed translucent door.
 14393 | D:10     | Found a staircase to the Lair.
 14815 | D:10     | Killed quinnr's ghost
 14870 | D:10     | Learned a level 5 spell: Lee's Rapid Deconstruction
 15229 | D:11     | Found Nydonigh's Magic Scroll Shoppe.
 15300 | D:11     | Noticed a boulder beetle
 15422 | D:11     | Killed a boulder beetle
 15525 | D:11     | Bought a scroll of enchant armour for 105 gold pieces
 16215 | D:12     | Identified the +0 plate armour "Voz Vuwk" {Drain +Blink
                  | rC+++ Stlth+}
 16474 | D:12     | Reached skill level 5 in Armour
 16643 | D:12     | Found a staircase to the Orcish Mines.
 16740 | D:12     | Noticed a boulder beetle
 16746 | D:12     | Killed a boulder beetle
 16869 | D:12     | Reached skill level 13 in Earth Magic
 17157 | Lair:1   | Entered Level 1 of the Lair of Beasts
 17458 | Lair:1   | Noticed a boulder beetle
 17476 | Lair:1   | Killed a boulder beetle
 17477 | Lair:1   | Reached skill level 5 in Ice Magic
 17596 | Lair:1   | Reached ***** piety under Vehumet
 17746 | Lair:1   | Offered knowledge of Starburst by Vehumet.
 17780 | Lair:1   | Learned a level 6 spell: Starburst
 17798 | Lair:1   | Noticed Gastronok
 17806 | Lair:1   | Killed Gastronok
 17807 | Lair:1   | Reached XP level 13. HP: 79/79 MP: 7/24
 18421 | Lair:2   | Noticed Amaemon
 18427 | Lair:2   | Killed Amaemon
 19083 | Lair:2   | Noticed Nergalle
 19091 | Lair:2   | Killed Nergalle
 19184 | Lair:2   | Reached skill level 14 in Earth Magic
 19436 | Lair:2   | Found a staircase to the Shoals.
 20291 | Lair:3   | Noticed Fannar
 20293 | Lair:3   | Reached skill level 1 in Shields
 20335 | Lair:2   | Killed Fannar
 21197 | Lair:3   | Found a staircase to the Snake Pit.
 22048 | Lair:4   | Gained mutation: Your large and strong wings let you fly.
                  | [Gargoyle growth]
 22048 | Lair:4   | Reached XP level 14. HP: 87/87 MP: 19/26
 22236 | Lair:4   | Offered knowledge of Fireball by Vehumet.
 22243 | Lair:4   | Learned a level 5 spell: Fireball
 22255 | Lair:4   | Found a staircase to the Slime Pits.
 22314 | Lair:4   | Found a dark tunnel.
 22357 | Volcano  | Entered a volcano
 22420 | Volcano  | Reached skill level 15 in Earth Magic
 22572 | Volcano  | Found a bloodstained altar of Trog.
 22891 | Lair:4   | Reached skill level 10 in Fighting
 23065 | Lair:4   | Found a viscous altar of Jiyva.
 23524 | Lair:4   | Noticed Snorg
 23533 | Lair:4   | Killed Snorg
 23644 | Lair:5   | Entered Level 5 of the Lair of Beasts
 24250 | Lair:5   | Identified the ring "Awyumm" {rC+ EV+5}
 24448 | Lair:5   | Identified the +2 falchion of Divine Defiance {freeze,
                  | Fragile Fly rN++ SInv}
 25334 | Lair:5   | Offered knowledge of Ozocubu's Refrigeration by Vehumet.
 25597 | Lair:5   | Reached XP level 15. HP: 87/93 MP: 20/27
 26181 | Orc:1    | Entered Level 1 of the Orcish Mines
 26188 | Orc:1    | Reached skill level 16 in Earth Magic
 26287 | Orc:1    | Noticed Harold
 26292 | Orc:1    | Noticed an orc warlord
 26295 | Orc:1    | Killed Harold
 26432 | D:12     | Killed an orc warlord
 26711 | Orc:1    | Found Tarerchu Ofud's Antique Weapon Emporium.
 26816 | Orc:2    | Entered Level 2 of the Orcish Mines
 26842 | Orc:2    | Reached skill level 5 in Shields
 27015 | Orc:2    | Found a staircase to the Elven Halls.
 27170 | Orc:2    | Found a runed translucent gate.
 27171 | Orc:2    | Found a runed translucent gate.
 27172 | Orc:2    | Found a runed translucent gate.
 27435 | Orc:2    | Offered knowledge of Plasma Beam by Vehumet.
 27443 | Orc:2    | Learned a level 6 spell: Plasma Beam
 27500 | Orc:2    | Noticed an orc warlord
 27555 | Orc:2    | Killed an orc warlord
 27603 | Orc:2    | Found Nopod's Weapon Boutique.
 28110 | Orc:2    | Reached skill level 1 in Fire Magic
 28245 | Orc:2    | Found Iluack's Armour Boutique.
 28314 | Orc:2    | Reached skill level 1 in Air Magic
 28730 | Orc:2    | Noticed wormstring's ghost (journeyman FeCK)
 28731 | Orc:2    | Noticed osoart's ghost (journeyman FeSh)
 28746 | Orc:2    | Paralysed by an orc sorcerer for 4 turns
 28917 | Orc:2    | Killed osoart's ghost
 29377 | Orc:2    | Found Ciuf's Antique Armour Emporium.
 29379 | Orc:2    | Found Cuhickid's Antique Weapon Shoppe.
 29398 | Orc:2    | Bought a tattered robe for 176 gold pieces
 29398 | Orc:2    | Identified the +0 robe of Ocireeda {rPois Int+2 Stlth-}
                  | (You bought it in a shop on level 2 of the Orcish Mines)
 29398 | Orc:2    | Bought an embroidered scarf for 248 gold pieces
 29398 | Orc:2    | Bought a glowing buckler for 232 gold pieces
 29698 | D:3      | Killed heikuro's ghost
 30342 | D:13     | Noticed Urug
 30350 | D:13     | Killed Urug
 30669 | D:13     | Offered knowledge of Leda's Unmaking by Vehumet.
 30678 | D:13     | Learned a level 6 spell: Leda's Unmaking
 30725 | D:13     | Found a runed translucent gate.
 30725 | D:13     | Found a runed translucent gate.
 30725 | D:13     | Found an ancient bone altar of Kikubaaqudgha.
 30725 | D:13     | Found a runed translucent gate.
 30725 | D:13     | Noticed a lich
 30726 | D:13     | Noticed a lich
 30726 | D:13     | Noticed Nialiw's ghost (journeyman GnHu)
 30726 | D:13     | Noticed a lich
 30727 | D:13     | Noticed a lich
 31241 | D:14     | Identified a scroll of acquirement
 32692 | D:14     | Found a gate to the Vaults.
 32749 | D:15     | Entered Level 15 of the Dungeon
 33497 | D:14     | Reached XP level 16. HP: 95/100 MP: 7/29
 33614 | D:15     | Noticed Louise
 34004 | Abyss:2  | Cast into level 2 of the Abyss (Louise)
 34134 | Abyss:2  | Reached skill level 5 in Fire Magic
 34142 | Abyss:2  | Noticed a tentacled starspawn
 34157 | Abyss:2  | Killed a tentacled starspawn
 34307 | Abyss:2  | Noticed a bone dragon
 34329 | Abyss:2  | Gained mutation: [You occasionally lose the ability to read
                  | scrolls when taking damage.] [a neqoxec]
 34424 | Abyss:2  | Lost mutation: [You occasionally lose the ability to read
                  | scrolls when taking damage.] [potion of mutation]
 34424 | Abyss:2  | Gained mutation: You have an increased reservoir of magic.
                  | (+10% MP) [potion of mutation]
 34426 | Abyss:2  | Noticed a revenant
 34442 | Abyss:2  | Offered knowledge of Spellforged Servitor by Vehumet.
 34560 | Abyss:2  | Noticed a tentacled starspawn
 34581 | Abyss:2  | Killed a tentacled starspawn
 34765 | Abyss:2  | Noticed a tentacled starspawn
 34955 | Abyss:3  | Paralysed by a great orb of eyes for 5 turns
 34968 | Abyss:3  | Noticed a tentacled starspawn
 34976 | Abyss:3  | Killed a tentacled starspawn
 35165 | Abyss:3  | Slain by an ice beast

Illustrated notes

Levels and vault maps discovered:
D:1:      amcnicky_arrival_blooded_trapdoor, layout_basic, serial_shops,
          nicolae_shop_pleasant_corner_grove, minmay_tromino_v4_b
D:2:      layout_rooms, basic_altar, interstate_on_off
D:3:      layout_loops_ring, chequers_temple_overflow_minitemple,
          ebering_ghost_sewer_d
D:4:      layout_rooms, minmay_temple_entry_overgrown
D:5:      cheibrodos_fzero, layout_basic, portal_sewer_entry_a,
          kennysheep_cluttered_room, minivault_23, uniq_duvessa
D:6:      layout_layer_cave, mainiacjoe_overflow_catwalk, uniq_sigmund,
          uniq_jeremiah
D:7:      layout_loops_ring, nicolae_specific_store, centaur_isle, uniq_pikel,
          uniq_maggie
D:8:      layout_rooms, serial_rivers, chequers_serial_rivers_room_a,
          chequers_serial_rivers_large_a, chequers_serial_rivers_small_a,
          chequers_serial_rivers_small_a, chequers_serial_rivers_micro_d,
          chequers_serial_rivers_room_a, uniq_psyche
D:9:      layout_loops_ring, minmay_guarded_unrand_variability
D:10:     minmay_coctagon, layout_basic, david_lair_shrubbed,
          hellmonk_ghost_big_iron
D:11:     layout_roguey, serial_shops, nicolae_shop_statue_plus,
          minmay_misc_feat_tower, kennysheep_another_room
D:12:     layout_roguey, erik_orc_2
D:13:     layout_grid_maze, gammafunk_ghost_crypt, uniq_urug
D:14:     layout_stronghold, hellmonk_vaults_keyhole, kennysheep_pointless_box
D:15:     grunt_enter_depths_snipers, layout_rooms, serial_corexii_hall,
          chequers_hall_statues_y, chequers_hall_statues_wall_a,
          chequers_hall_statues_y, uniq_nessos, uniq_louise
Temple:   dpeg_three_leaves_temple
Lair:1:   layout_long_grid, uniq_gastronok
Lair:2:   layout_cave_pods, minmay_shoals_entry_centaurs, serial_bayou_shore_a,
          infiniplex_staircase_pool_2, grunt_megastairs_1, uniq_nergalle,
          uniq_amaemon
Lair:3:   layout_regular_city, alex1729_snake_entry_snake, beast_lair_carwin_10,
          serial_bayou_shore_b, grunt_megastairs_4, uniq_fannar
Lair:4:   layout_cave_pods, nicolae_slime_entry_slimehenge,
          nicolae_volcano_entry_lava_flow, dreamdust_mushroom_princess,
          uniq_snorg
Lair:5:   minmay_lair_end_frog_pond, layout_cave_pods, special_room
          [special_room_mythical_zoo]
Orc:1:    layout_caves, serial_shops, nicolae_shop_peninsula, mines4_lemuel,
          uniq_harold
Orc:2:    grunt_orc_community_town_hall, layout_caves,
          grunt_orc_community_big_house_1, grunt_orc_community_big_house_2,
          grunt_orc_community_house_2, grunt_orc_community_house_3,
          grunt_orc_community_house_1, grunt_orc_community_house_3,
          grunt_orc_community_house_2, grunt_orc_community_house_2,
          gammafunk_ghost_cemetery
Abyss:3:  base:
D:13

Skill      XL: |  1  2  3  4  5  6  7  8  9 10 11 12 13 14 15 16 |
---------------+-------------------------------------------------+-----
Earth Magic    | 4 5 6 7 9 10 12 13 14 15 16 | 16.2
Fighting       | 1 2 3 4 5 6 7 8 9 10 11 | 11.8
Stealth        | 3 4 |  4.0
Conjurations   | 1 2 4 5 7 8 10 11 | 11.6
Maces & Flails | 1 2 3 4 5 6 7 8 9 |  9.6
Evocations     | 1 2 3 4 |  4.0
Spellcasting   | 3 4 5 6 7 8 9 |  9.8
Armour         | 2 4 5 7 8 9 |  9.0
Ice Magic      | 1 5 7 9 |  9.8
Shields        | 2 4 6 |  6.0
Fire Magic     | 4 6 |  6.0
Air Magic      | 3 4 |  4.9
Dodging        | 2 3 |  3.3
Transmutations | |  0.7

Action                     |  1- 3 |  4- 6 |  7- 9 | 10-12 | 13-15 | 16-18 || total
---------------------------+-------+-------+-------+-------+-------+-------++-------
  Melee: Unarmed           |    16 |       |       |       |       |       ||    16
         Club              |    17 |     1 |       |       |       |       ||    18
         Whip              |       |    28 |   134 |   284 |  1058 |   216 ||  1720
         Punch             |       |       |     3 |     1 |     8 |       ||    12
   Cast: Sandblast         |    49 |    55 |   111 |   135 |   205 |     1 ||   556
         Stone Arrow       |       |     2 |    65 |   219 |   576 |   102 ||   964
         Foxfire           |       |       |     7 |    71 |    29 |       ||   107
         Lee's Rapid Decon |       |       |       |    10 |    12 |     6 ||    28
         Leda's Unmaking   |       |       |       |       |     4 |       ||     4
         Fireball          |       |       |       |       |     2 |     8 ||    10
Ability: Evoke Blink       |       |       |       |       |     3 |     2 ||     5
  Evoke: Wand              |       |       |       |       |     5 |       ||     5
    Use: Scroll            |       |       |     6 |     9 |    16 |     3 ||    34
         Potion            |       |       |       |     1 |     4 |    11 ||    16
 Armour: Robe              |    24 |    46 |   138 |       |       |       ||   208
         Scale mail        |       |       |       |   365 |  1029 |   195 ||  1589
  Dodge: Dodged            |    35 |    23 |   109 |   206 |   652 |   111 ||  1136
  Block: Buckler           |       |       |       |       |    39 |    45 ||    84
         Reflection        |       |       |       |       |     6 |     1 ||     7

Table legend: (Time is in decaauts)
 A = Elapsed time spent in this place.
 B = Non-inter-level travel time spent in this place.
 C = Inter-level travel time spent in this place.
 D = Time resting spent in this place.
 E = Time spent auto-exploring this place.
 F = Levels seen in this place.
 G = Mean time per level.
                   A        B        C        D        E       F      G
               +--------+--------+--------+--------+--------+-----+--------+
         Total |  35082 |  33212 |   1870 |   3717 |  22501 |  27 | 1299.3 |
       Dungeon |  21430 |  19933 |   1497 |   2446 |  14070 |  15 | 1428.7 |
        Temple |     16 |      2 |     14 |      0 |      0 |   1 |   16.0 |
          Lair |   8287 |   7976 |    311 |    565 |   5600 |   5 | 1657.4 |
  Orcish Mines |   3080 |   3033 |     47 |    188 |   2103 |   2 | 1540.0 |
         Abyss |   1093 |   1093 |      0 |    457 |    167 |   2 |  546.5 |
         Sewer |    738 |    738 |      0 |      0 |    386 |   1 |  738.0 |
       Volcano |    435 |    435 |      0 |     61 |    175 |   1 |  435.0 |
               +--------+--------+--------+--------+--------+-----+--------+

Top non-repeatable levels by time:
   Orc:2: 2593 daAuts
    D:14: 2386 daAuts
  Lair:2: 2319 daAuts
     D:7: 2286 daAuts
     D:6: 2067 daAuts
  Lair:5: 1945 daAuts
    D:10: 1697 daAuts
     D:5: 1604 daAuts
    D:13: 1588 daAuts
     D:9: 1554 daAuts
    D:12: 1534 daAuts
  Lair:4: 1453 daAuts
  Lair:3: 1288 daAuts
     D:3: 1281 daAuts
  Lair:1: 1280 daAuts
